 Dungeon Crawl Stone Soup version 0.29.1-1-gd02db6906a (webtiles) character file.

Game seed: 3862645921470725736

23 Colgate the Chiller (level 3, -1/24 HPs)
             Began as a Barachi Ice Elementalist on Oct 9, 2022.
             Was an Initiate of Ashenzari.
             Engulfed by a cloud of flame (25 damage)
             ... on level 1 of the Dungeon.
             The game lasted 00:04:37 (2064 turns).

Colgate the Chiller (Barachi Ice Elementalist)      Turns: 2064, Time: 00:04:37

Health: -1/24      AC:  2    Str:  9    XL:     3   Next: 0%
Magic:  6/6        EV: 12    Int: 17    God:    Ashenzari [......]
Gold:   64         SH:  0    Dex: 12    Spells: 3/7 levels left

rFire   . . .      SeeInvis .   a - +0 short sword
rCold   . . .      Faith    .   (no shield)
rNeg    . . .      Spirit   .   e - +0 robe "Per Aspera Ad Scientiam" {Self, Bglg} (curse)
rPois   .          Reflect  .   (no helmet)
rElec   .          Harm     .   (no cloak)
rCorr   .          Rampage  .   (no gloves)
Will    .....                   (no boots)
Stlth   ++........              (no amulet)
HPRegen 0.08/turn               (no ring)
MPRegen 0.10/turn               (no ring)

@: slow
A: amphibious, slowness 1, strong legs 1, +LOS
a: Hop, Renounce Religion, Shatter the Chains


You were on level 1 of the Dungeon.
You worshipped Ashenzari.
Ashenzari was noncommittal.
You visited 1 branch of the dungeon, and saw 1 of its levels.

You collected 64 gold pieces.

Inventory:

Hand Weapons
 a - a +0 short sword (weapon)
Armour
 e - the cursed +0 robe "Per Aspera Ad Scientiam" (worn) {Self, Bglg}

   It has a curse which improves the following skills: Introspection: Fighting
   and Spellcasting.
   Beguiling: Conjurations, Hexes and Translocations.
Scrolls
 f - a scroll of magic mapping {unknown}
Potions
 b - a potion of magic
 c - a potion of lignification {unknown}
 d - a potion of curing {unknown}


   Skills:
 - Level 2.1 Dodging
 - Level 1.7 Stealth
 - Level 2.1(2.5) Spellcasting
 + Level 5.9 Ice Magic


You had 3 spell levels left.
You knew the following spells:

 Your Spells              Type           Power      Damage    Failure   Level
a - Freeze                Ice            88%        1d10      1%          1
b - Frozen Ramparts       Ice            44%        1d7       4%          3

Your spell library contained the following spells:

 Spells                   Type           Power      Damage    Failure   Level
 Ozocubu's Armour         Ice            22%        N/A       4%          3
 Gell's Gravitas          Tloc           2%         N/A       47%         3
 Lesser Beckoning         Tloc           2%         N/A       47%         3
 Teleport Other           Tloc           2%         N/A       47%         3
 Hailstorm                Conj/Ice       12%        3d5       47%         4


Dungeon Overview and Level Annotations

Branches:
Dungeon (1/15)

Altars:
Ashenzari


Innate Abilities, Weirdness & Mutations

You are amphibious.
You cover ground slowly.
You can hop short distances.
You have an extended range of vision and can be seen from far away.


Message History

Partly explored, unopened door and can't reach some items.
No target in view!
Partly explored, unopened door and can't reach some items.
No target in view!
Partly explored, unopened door and can't reach some items.
No target in view!
Partly explored, unopened door and can't reach some items.
No target in view!
Partly explored, unopened door and can't reach some items.
No target in view!
Partly explored, unopened door and can't reach some items.
You open the door.
No target in view!
There is an open door here.
Partly explored, can't reach some items and places.
No target in view!
Partly explored, can't reach some items and places.
No target in view!
Partly explored, can't reach some items and places.
No target in view!
Partly explored, can't reach some items and places.
Search for what [Enter for "d:1", or ? for help]? d:1
There is an open door here.
There is a large open door here.
There is a large open door here.
There is a large open door here.
There is a large open door here.
There is a large open door here.
There is a large open door here.
You see here 5 stones.
Really walk into a travel-excluded area?
Really walk into that cloud of flame?
Okay, then.
Really walk into that cloud of flame?
Okay, then.
Really walk into that cloud of flame?
Okay, then.
You are engulfed in blazing flames.
Ouch! That really hurt!
You die...

######≈#.##..##.......#.# #.#
≈≈≈≈≈≈≈......##..#...##.# #.#
######.#.##.###.......#.# #.#
#....##.########...## #.#
##.####....# #§°§# #.# #.# ######
#§○○# #.# ####.##### #§.§# #.#
#........# ######...########..
#.##.##..####.@§○......°..#.##.
###.##.#...##...§§°.$...§§§..>.#.
..............+.○☼○..?...°§......
###.##.#...#########...#####.....
#.##.##..# #°§☼# ##..##
#........# #○○§# ##.# ####.#####
#○§§# #.## #.# ##...# #... #.#
#.#.# ###.


There were no monsters in sight!

Vanquished Creatures
  2 ball pythons (D:1)
  A giant cockroach (D:1)
  3 goblins (D:1)
  3 hobgoblins (D:1)
  3 jackals (D:1)
  A quokka (D:1)
  2 bats (D:1)
  2 frilled lizards (D:1)
  2 kobolds (D:1)
  3 rats (D:1)
22 creatures vanquished.

Notes
Turn   | Place    | Note
-------+----------+-------------------------------------------
     0 | D:1      | Colgate the Barachi Ice Elementalist began the quest for
                  | the Orb.
     0 | D:1      | Reached XP level 1. HP: 13/13 MP: 3/3
   265 | D:1      | Reached skill level 5 in Ice Magic
   541 | D:1      | Found a faded altar of an unknown god.
   557 | D:1      | Prayed at the altar of an unknown god.
   557 | D:1      | Became a worshipper of Ashenzari the Shackled
   655 | D:1      | Reached XP level 2. HP: 13/19 MP: 2/5
  1720 | D:1      | Reached XP level 3. HP: 21/24 MP: 2/6
  1724 | D:1      | Learned a level 3 spell: Frozen Ramparts
  2064 | D:1      | Engulfed by a cloud of flame

Illustrated notes

Levels and vault maps discovered:
D:1:      saegor_arrival_fortress, layout_loops_corners,
          ebering_ecumenical_altar_petrified, hex_large, lemuel_flame_loot_1

Skill      XL: |  1 |
---------------+----+-----
Ice Magic      | 5 |  5.9
Dodging        | |  2.1
Stealth        | |  1.7
Spellcasting   | |  2.1

Action                   || total
-------------------------++-------
Melee: Unarmed           ||    13
       Short sword       ||     7
 Cast: Freeze            ||    30
Invok: Curse Item        ||     1
 Abil: Hop               ||     1
Armor: Robe              ||    16
Dodge: Dodged            ||    46
